 Dungeon Crawl Stone Soup version 0.26.1-11-gd32895ea62 (webtiles) character file.

Game seed: 15211764032844918552

59068 promet the Fighter (level 14, -3/86 HPs)
             Began as a Gargoyle Delver on June 28, 2021.
             Was the Champion of Hepliaklqana.
             Killed from afar by a fire dragon (52 damage)
             ... with a blast of flame
             ... on level 6 of the Lair of Beasts.
             The game lasted 03:12:01 (27204 turns).

promet the Fighter (Gargoyle Delver)               Turns: 27204, Time: 03:12:02

Health: -3/86      AC: 38    Str: 18    XL:     14   Next: 93%
Magic:  19/19      EV: 10    Int: 11    God:    Hepliaklqana [******]
Gold:   1086       SH:  5    Dex: 22    Spells: 13/13 levels left

rFire    . . .     SeeInvis .   M - +3 flail (freeze)
rCold    . . .     Faith    .   (no shield)
rNeg     + . .     Spirit   .   r - +1 chain mail
rPois    ∞         Reflect  +   A - +2 helmet
rElec    +         Harm     .   S - +2 cloak
rCorr    .         Rampage  .   U - +2 pair of gloves
Will     +....                  (no boots)
Stlth    +.........             L - amulet of reflection
HPRegen  0.24/turn              W - +6 ring of dexterity
MPRegen  0.16/turn              v - +4 ring of protection

@: no status effects
A: reduced essence, big wings, talons 1, agile 1, negative energy resistance 1,
sense surroundings 1, shaggy fur 1, electricity resistance, unbreathing,
petrification resistance, miasma immunity, AC +10
a: Fly, Renounce Religion, Recall Ancestor, Ancestor Identity, Transference,
Idealise


You were on level 6 of the Lair of Beasts.
You worshipped Hepliaklqana.
Hepliaklqana was exalted by your worship.
You visited 3 branches of the dungeon, and saw 19 of its levels.
You also visited: Gauntlet.

You collected 1270 gold pieces.
You spent 184 gold pieces at shops.

Inventory:

Hand Weapons
 a - a +4 lajatang
 b - a +1 vorpal shortbow
 h - a +0 great sword
 o - a +2 dagger of draining
 u - a +4 battleaxe
 y - a +2 trident
 J - a +0 rapier
 M - a +3 flail of freezing (weapon)
 R - a +0 hunting sling
 V - a +2 halberd
Missiles
 j - 416 arrows
 l - 571 stones
 n - 8 curare-tipped darts
 p - 212 sling bullets
 P - 62 poisoned darts (quivered)
 T - 15 atropa-tipped darts
Armour
 i - a scarf of resistance
 q - a scarf of invisibility
 r - a +1 chain mail (worn)
 A - a +2 helmet (worn)
 S - a +2 cloak (worn)
 U - a +2 pair of gloves (worn)
 X - a +0 tower shield
Jewellery
 k - an uncursed amulet of guardian spirit
 v - a +4 ring of protection (right hand)
 x - an uncursed ring of resist corrosion
 D - a cursed amulet of inaccuracy
 E - an uncursed ring of stealth
 L - an amulet of reflection (around neck)
 W - a +6 ring of dexterity (left hand)
Wands
 d - a wand of enslavement (17)
 g - a wand of digging (12)
 z - a wand of iceblast (3)
 I - a wand of flame (19)
Scrolls
 c - 4 scrolls of fog
 f - 3 scrolls of blinking
 t - 9 scrolls of teleportation
 C - 6 scrolls of remove curse
 H - 6 scrolls of magic mapping
 N - 2 scrolls of fear
Potions
 e - 5 potions of attraction
 s - 3 potions of haste
 w - 2 potions of heal wounds
 B - 11 potions of curing
 F - 2 potions of brilliance
 G - a potion of cancellation
 K - a potion of berserk rage
 O - a potion of resistance
 Q - 5 potions of might
 Z - a potion of invisibility
Miscellaneous
 m - a box of beasts


   Skills:
 * Level 14.2 Fighting
 + Level 0.7 Short Blades
 + Level 2.5(5.6) Axes
 + Level 8.4(11.2) Maces & Flails
 + Level 1.1(7.0) Polearms
 + Level 11.4(12.4) Staves
 + Level 2.5(3.0) Slings
 + Level 7.8 Bows
 + Level 2.3(2.9) Throwing
 + Level 11.1 Armour
 + Level 4.0 Dodging
 + Level 8.0 Stealth
 + Level 5.2 Shields
 * Level 7.5 Invocations
 + Level 0.8 Evocations


You had 13 spell levels left.
You didn't know any spells.
Your spell library contained the following spells:

 Spells                   Type           Power        Failure   Level
 Corona                   Hex            0%           96%         1
 Freeze                   Ice            0%           96%         1
 Slow                     Hex            0%           99%         2
 Confusing Touch          Hex            0%           100%        3
 Frozen Ramparts          Ice            0%           100%        3
 Gell's Gravitas          Tloc           0%           100%        3
 Inner Flame              Hex/Fire       0%           100%        3
 Ozocubu's Armour         Ice            0%           100%        3
 Portal Projectile        Hex/Tloc       0%           100%        3
 Cause Fear               Hex            0%           100%        4
 Hailstorm                Conj/Ice       0%           100%        4
 Leda's Liquefaction      Hex/Erth       0%           100%        4
 Petrify                  Tmut/Erth      0%           100%        4
 Summon Ice Beast         Ice/Summ       0%           100%        4
 Metabolic Englaciation   Hex/Ice        0%           100%        5
 Silence                  Hex/Air        0%           100%        5
 Yara's Violent Unravell  Hex/Tmut       0%           100%        5
 Discord                  Hex            0%           100%        8


Dungeon Overview and Level Annotations

Branches:
Dungeon (12/15)            Temple (1/1) D:5            Lair (6/6) D:9
 Shoals (0/4) Lair:3       Spider (0/4) Lair:2        Slime (0/5) Lair:5
    Orc (0/2) D:12        Gauntlet (visited)

Altars:
Ashenzari
Cheibriados
Dithmenos
Gozag
Hepliaklqana
Kikubaaqudgha
Makhleb
Okawaru
Qazlal
Ru
Sif Muna
Trog
Uskayaw
Vehumet
Xom
Yredelemnul
The Shining One
Beogh

Shops:
D:10 *[   D:12 (

Annotations:
D:12 1 runed translucent door, JBAR's ghost, journeyman TrGl
Lair:1 1 runed translucent door, MyelinatedAxon's ghost, journeyman HuFi
Lair:6 exclusion: oklob plant


Innate Abilities, Weirdness & Mutations

You are resistant to torment.
Your stone body is resilient. (AC +10)
You are immune to poison.
Your large and strong wings let you fly indefinitely.
You resist negative energy. (rN+)
You are resistant to electric shocks. (rElec)
You can survive without breathing.
You are immune to petrification.
You are immune to miasma.
Your life essence is reduced to manifest your ancestor. (-10% HP)
You have sharp toenails.
You are agile. (Dex +2)
You passively map a small area around you.
You are covered in fur. (AC +1)


Message History

You claw the fire dragon.
The fire dragon is severely wounded.
Laurlei casts a spell at the fire dragon.
The stone arrow hits the fire dragon!
The fire dragon bites Laurlei!
The fire dragon claws Laurlei!
Laurlei is destroyed!
The fire dragon roars deafeningly!
You barely miss the fire dragon. Your kick misses the fire dragon.
The fire dragon is almost dead.
You hit the fire dragon. You freeze the fire dragon.
You claw the fire dragon, but do no damage.
The fire dragon is almost dead.
You block the fire dragon's attack. The fire dragon claws you!
The fire dragon tramples you.
You stumble backwards!
You hit the fire dragon but do no damage.
The fire dragon is almost dead.
The fire dragon breathes flames at you. The blast of flame hits you!!!
Ouch! That really hurt!
You die...

♣♣.≈≈..)$ ♣≈≈..♣♣
♣.≈≈≈≈.[.,*♣≈..♣.♣♣
♣♣.≈≈≈≈.( *♣♣≈≈....♣
♣..≈≈..$, ♣♣.......♣
♣≈≈≈≈≈.♣♣♣♣..≈≈[♣♣.♣♣
♣≈≈≈....♣♣..≈♣♣≈≈♣..♣
♣≈≈≈≈≈≈♣♣♣≈≈..♣♣.≈♣♣♣
♣≈≈≈≈D.♣♣≈≈..♣♣♣≈≈..♣
♣≈≈≈(@♣♣.[≈..♣..♣.≈♣♣
♣.≈(≈≈.♣♣♣†..♣..♣.≈≈♣
♣..≈..♣♣≈≈.♣♣..♣♣♣≈.♣
♣♣.≈(§§≈≈..♣...♣♣.≈♣♣
♣...≈≈≈≈.♣♣♣♣.♣♣.≈♣♣
♣♣......♣♣ ♣♣♣♣.≈≈♣♣
♣♣♣♣♣♣♣♣ ###..♣.[.
##########........
#.................


You could see a fire dragon (catching breath).

Vanquished Creatures
  Nessos (Lair:6)
  A boulder beetle (Lair:6)
  4 hydras
  3 death yaks (Lair:5)
  A swamp dragon (Lair:6)
  A deep elf mage (D:12)
  A wolf spider zombie (D:11)
  An ugly thing (D:12)
  A cyclops (D:12)
  8 elephants
  5 black mambas
  6 cane toads
  3 rime drakes
  10 komodo dragons
  3 polar bears
  7 blink frogs
  2 slime creatures (Lair:5)
  A dream sheep (Lair:3)
  A redback (Lair:2)
  A vampire (D:10)
  38 yaks
  3 wraiths
  3 basilisks
  2 wyverns
  2 steam dragons (Lair:6)
  9 water moccasins
  A warg (Lair:6)
  6 hell hounds
  Duvessa (D:4)
  An orc warrior (D:12)
  3 sky beasts
  An eye of draining (D:5)
  5 black bears
  2 phantoms (D:8)
  2 ogres
  7 centaurs
  25 wolves
  2 big kobolds
  14 bullfrogs
  Dowan (D:4)
  4 scorpions
  12 killer bees
  10 wights
  3 orc priests
  3 bullfrog skeletons
  3 bullfrog zombies
  7 hounds
  A jelly (Lair:5)
  5 orc wizards
  3 centaur skeletons
  Jessica (D:2)
  7 worker ants
  7 iguanas
  A hound zombie (D:6)
  2 hound skeletons
  Robin (D:3)
  7 gnolls
  16 adders
  5 white imps
  2 ufetubi
  An adder skeleton (D:5)
  A worm (D:2)
  A dart slug (D:3)
  10 leopard geckos
  18 orcs
  A ball python (D:2)
  11 bats
  5 giant cockroaches
  18 goblins
  9 hobgoblins
  11 jackals
  17 kobolds
  5 quokkas
  5 frilled lizards
  A leopard gecko skeleton (D:3)
  10 rats
413 creatures vanquished.

Vanquished Creatures (collateral kills)
  Erolcha (D:11)
  5 hydras
  2 boulder beetles
  A two-headed ogre (D:12)
  2 death yaks (Lair:5)
  5 elephants
  A cyclops (D:12)
  A black mamba (Lair:2)
  6 cane toads
  2 rime drakes (Lair:6)
  5 komodo dragons
  2 hornets
  A raiju (Lair:6)
  A jumping spider (Lair:2)
  A blink frog (Lair:1)
  19 yaks
  A wyvern (Lair:6)
  2 basilisks
  Grum (D:8)
  2 steam dragons
  A warg (Lair:5)
  An acid dragon (Lair:6)
  2 hell hounds (Lair:6)
  7 water moccasins
  2 orc warriors
  An ice beast (D:12)
  3 black bears
  An ogre (D:9)
  A phantom (D:9)
  12 wolves
  5 centaurs
  5 bullfrogs
  2 scorpions
  12 killer bees
  8 wights
  2 electric eels (Lair:1)
  A jelly (Lair:5)
  A quasit (D:9)
  4 hounds
  An orc priest (D:12)
  3 orc wizards
  2 iguanas
  2 worker ants
  A worker ant zombie (D:7)
  4 adders
  A gnoll (D:7)
  A white imp (D:9)
  6 orcs
  A giant cockroach (D:7)
  5 kobolds
  2 quokkas
  A frilled lizard (D:10)
162 creatures vanquished.

Vanquished Creatures (others)
  A black bear (Lair:6)
  20 battlemagi
  An orc wizard (D:12)
  3 ancestors
  A goblin (D:3)
  A frilled lizard (D:5)
  A bush (Lair:5)
  38 fungi
  246 plants
312 creatures vanquished.

Grand Total: 887 creatures vanquished

Notes
Turn   | Place    | Note
-------+----------+-------------------------------------------
     0 | D:5      | promet the Gargoyle Delver began the quest for the Orb.
     0 | D:5      | Reached XP level 1. HP: 14/14 MP: 1/1
     4 | D:5      | Noticed a hound
    23 | D:5      | Killed a hound
    24 | D:5      | Reached XP level 2. HP: 14/20 MP: 2/2
    24 | D:5      | Reached XP level 3. HP: 17/24 MP: 3/3
   481 | D:4      | Reached XP level 4. HP: 2/29 MP: 4/4
   483 | D:4      | Reached skill level 4 in Fighting
   781 | D:4      | Reached skill level 1 in Armour
  1050 | D:2      | Reached XP level 5. HP: 23/33 MP: 5/5
  2458 | D:2      | Noticed Jessica
  2473 | D:2      | Killed Jessica
  2682 | D:2      | Found a faded altar of an unknown god.
  2969 | D:3      | Reached skill level 1 in Slings
  3056 | D:3      | Reached XP level 6. HP: 32/39 MP: 6/6
  3809 | D:3      | Noticed Robin
  3832 | D:3      | Killed Robin
  4385 | D:4      | Reached skill level 5 in Fighting
  4546 | D:4      | Reached XP level 7. HP: 41/44 MP: 7/7
  4802 | D:4      | Noticed Duvessa
  4805 | D:4      | Noticed Dowan
  4838 | D:4      | Killed Duvessa
  4848 | D:4      | Reached skill level 5 in Maces & Flails
  4889 | D:4      | Killed Dowan
  5105 | D:4      | Found a sacrificial altar of Ru.
  5105 | D:4      | Found a radiant altar of Vehumet.
  5105 | D:4      | Found an opulent altar of Gozag.
  5722 | D:5      | Reached XP level 8. HP: 21/51 MP: 8/8
  5960 | D:5      | Found a broken altar of Ashenzari.
  5967 | D:5      | Found a staircase to the Ecumenical Temple.
  6311 | D:5      | Found an ancient bone altar of Kikubaaqudgha.
  6772 | D:6      | Found a shimmering blue altar of Sif Muna.
  6846 | D:6      | Reached skill level 6 in Fighting
  7020 | Temple   | Entered the Ecumenical Temple
  7047 | Temple   | Became a worshipper of Hepliaklqana the Forgotten
  7169 | D:6      | Reached skill level 5 in Armour
  7801 | D:6      | Found a broken altar of Ashenzari.
  8017 | D:7      | Reached * piety under Hepliaklqana
  8017 | D:7      | Noticed a +0 hand axe
  8018 | D:7      | Noticed a +0 hand axe
  8267 | D:6      | Reached XP level 9. HP: 44/50 MP: 9/9
  8453 | D:7      | Reached skill level 7 in Fighting
  8505 | D:7      | Reached skill level 1 in Throwing
  8562 | D:7      | Found a hide-covered altar of Uskayaw.
  9553 | D:8      | Noticed Grum
  9571 | D:8      | Killed Grum
  9572 | D:8      | Reached skill level 8 in Fighting
  9572 | D:8      | Reached skill level 1 in Bows
  9919 | D:8      | Reached XP level 10. HP: 57/57 MP: 10/10
 10049 | D:8      | Reached ** piety under Hepliaklqana
 10050 | D:8      | Remembered your ancestor Laurlei as a battlemage
 10052 | D:8      | Found a burning altar of Makhleb.
 11134 | D:9      | Noticed a centaur warrior
 11268 | D:9      | Found a staircase to the Lair.
 11359 | D:9      | Found an iron altar of Okawaru.
 11851 | D:10     | Entered Level 10 of the Dungeon
 11943 | D:10     | Reached skill level 1 in Staves
 11981 | D:9      | Reached skill level 9 in Fighting
 12298 | D:10     | Found Ymabb's Assorted Antiques.
 12305 | D:10     | Bought 2 potions of might for 184 gold pieces
 12667 | D:10     | Found Zumeel's Antique Armour Shop.
 12697 | D:10     | Reached XP level 11. HP: 32/64 MP: 11/11
 12705 | D:10     | Reached skill level 5 in Staves
 12707 | D:10     | Reached *** piety under Hepliaklqana
 13064 | D:10     | Reached skill level 10 in Fighting
 13509 | D:11     | Noticed a seven-headed hydra
 13554 | D:11     | Noticed Erolcha
 13713 | D:11     | Gained mutation: Scrolls take you a little longer to read.
                  | [potion of mutation]
 13713 | D:11     | Gained mutation: You are partially covered in large bone
                  | plates. (SH +4) [potion of mutation]
 14056 | D:11     | Found a shimmering altar of Xom.
 14087 | D:11     | Found a shimmering altar of Xom.
 14088 | D:11     | Found a shimmering altar of Xom.
 14088 | D:11     | Found a shimmering altar of Xom.
 14088 | D:11     | Found a shimmering altar of Xom.
 14089 | D:11     | Found a shimmering altar of Xom.
 14132 | D:11     | Noticed a mana viper
 14171 | D:11     | Killed an 11-headed hydra
 14268 | D:11     | Reached skill level 1 in Shields
 14466 | D:11     | Paralysed by Erolcha for 3 turns
 14467 | D:11     | Killed Erolcha
 14468 | D:11     | Reached skill level 1 in Axes
 15266 | D:12     | Noticed a cyclops
 15276 | D:12     | Killed a cyclops
 15341 | D:12     | Found a staircase to the Orcish Mines.
 15378 | D:12     | Found a runed translucent door.
 15380 | D:12     | Noticed JBAR's ghost (journeyman TrGl)
 15399 | D:12     | Noticed a deep elf mage
 15408 | D:12     | Killed a deep elf mage
 15408 | D:12     | Noticed a two-headed ogre
 15419 | D:12     | Killed a two-headed ogre
 15472 | D:12     | Noticed a cyclops
 15473 | D:12     | Reached XP level 12. HP: 67/71 MP: 12/12
 15678 | D:12     | Reached **** piety under Hepliaklqana
 15749 | D:12     | Found Kainoedu's Antique Weapon Emporium.
 15937 | D:12     | Reached skill level 11 in Fighting
 15941 | D:12     | Reached skill level 1 in Polearms
 16534 | D:12     | Found a roughly hewn altar of Beogh.
 16694 | D:12     | Noticed an iron dragon
 17174 | Lair:1   | Entered Level 1 of the Lair of Beasts
 17355 | Lair:1   | Noticed a boulder beetle
 17380 | Lair:1   | Killed a boulder beetle
 17381 | Lair:1   | Reached skill level 5 in Bows
 17607 | Lair:1   | Noticed MyelinatedAxon's ghost (journeyman HuFi)
 17961 | Lair:1   | Reached ***** piety under Hepliaklqana
 18102 | Lair:1   | Reached skill level 1 in Invocations
 18409 | Lair:1   | Found a runed translucent door.
 18576 | Lair:1   | Lost mutation: Scrolls take you a little longer to read.
                  | [potion of mutation]
 18576 | Lair:1   | Lost mutation: You are partially covered in large bone
                  | plates. (SH +4) [potion of mutation]
 18576 | Lair:1   | Gained mutation: You are agile. (Dex +2) [potion of
                  | mutation]
 18576 | Lair:1   | Gained mutation: You passively map a small area around you.
                  | [potion of mutation]
 18576 | Lair:1   | Gained mutation: You are covered in fur. (AC +1) [potion of
                  | mutation]
 18576 | Lair:1   | Gained mutation: You have sharp toenails. [potion of
                  | mutation]
 18766 | Lair:2   | Noticed a six-headed hydra
 18771 | Lair:2   | Killed a six-headed hydra
 18820 | Lair:2   | Reached skill level 12 in Fighting
 19412 | Lair:2   | Reached skill level 10 in Armour
 19462 | Lair:2   | Found a hole to the Spider Nest.
 19468 | Lair:2   | Reached XP level 13. HP: 77/77 MP: 14/14
 20345 | Lair:3   | Found a gate leading to a gauntlet.
 20362 | Gauntlet | Entered a Gauntlet
 20362 | Gauntlet | Found a transporter.
 20368 | Gauntlet | Found a transporter.
 20372 | Gauntlet | Found a transporter.
 20380 | Gauntlet | Found a transporter.
 20384 | Gauntlet | Found a transporter.
 20391 | Gauntlet | Found a runed translucent door.
 20394 | Gauntlet | Found a transporter.
 20396 | Gauntlet | Found a transporter.
 20405 | Gauntlet | Found a transporter.
 20408 | Gauntlet | Found a transporter.
 20414 | Gauntlet | Found a runed translucent gate.
 20416 | Gauntlet | Found a transporter.
 20417 | Gauntlet | Found a runed translucent gate.
 20418 | Gauntlet | Found a runed translucent gate.
 20439 | Gauntlet | Found a transporter.
 20451 | Gauntlet | Found a transporter.
 20463 | Gauntlet | Found a transporter.
 20939 | Lair:3   | Found a staircase to the Shoals.
 22385 | Lair:4   | Reached ****** piety under Hepliaklqana
 23179 | Lair:5   | Reached skill level 10 in Staves
 23342 | Lair:5   | Reached skill level 5 in Invocations
 23358 | Lair:5   | Reached skill level 13 in Fighting
 23651 | Lair:5   | Found a staircase to the Slime Pits.
 23884 | Lair:5   | Gained mutation: Your large and strong wings let you fly
                  | indefinitely. [Gargoyle growth]
 23884 | Lair:5   | Reached XP level 14. HP: 84/84 MP: 16/18
 24167 | Lair:5   | Reached skill level 5 in Shields
 24466 | Lair:6   | Entered Level 6 of the Lair of Beasts
 25763 | Lair:6   | Noticed Nessos
 26096 | Lair:6   | Reached skill level 14 in Fighting
 26583 | Lair:6   | Killed Nessos
 27204 | Lair:6   | Killed from afar by a fire dragon

Illustrated notes

Levels and vault maps discovered:
D:1:      roderic_crop_circles_arrival_small, layout_basic,
          minmay_three_crescents
D:2:      layout_basic, chequers_ecumenical_altar_simple_redux, uniq_jessica
D:3:      kennysheep_goblin_castle, layout_rooms, gup_sewer_entry_pipe,
          minivault_24
D:4:      layout_basic, gammafunk_temple_overflow_claw, grunt_ministairs_5,
          uniq_duvessa
D:5:      layout_cave_pools, overflow_temple_1_default,
          minmay_temple_entry_statues_fountains, basic_altar, minmay_small_thing
D:6:      layout_loops_corners, tgw_sif, chequers_ossuary_entry_cave,
          evilmike_ruin_ashenzari
D:7:      layout_cave_pools, dancing_weapons_uskayaw
D:8:      layout_loops_cross, makhleb_heckhound_becter, due_unseen_surprise,
          uniq_grum
D:9:      layout_irregular_city, nicolae_overflow_crystal_walls,
          lair_entry_dummy, onia_ninara_dug_in_and_dangerous
D:10:     layout_loops_ring, serial_shops, nicolae_shop_overgrown_old_shop,
          kennysheep_little_box, grunt_ministairs_6, minmay_lizard_king
D:11:     layout_long_grid, xom_shifter_show, uniq_erolcha
D:12:     layout_irregular_city, minmay_orc_entry_temple_small,
          ebering_ghost_inner_flame, serial_shops, nicolae_shop_trees
Temple:   nicolae_temple_great_sept
Lair:1:   layout_chaotic_city, hellmonk_ghost_happy_afterlife,
          serial_bayou_pond_b, grunt_forest_small_clearings
Lair:2:   layout_regular_city, spider_nest_entry_funnel_web,
          serial_bayou_pond_a, lemuel_fruit_fields, grunt_megastairs_2,
          serial_bayou_shore_b
Lair:3:   nzn_winding_woodlands_small [nzn_winding_woodlands_5x15_longhouse,
          nzn_winding_woodlands_center_diamonds,
          nzn_winding_woodlands_5x15_parted], layout_regular_city,
          shoals_dummy_entry, gauntlet_entry_generic, serial_bayou_pond_e,
          chequers_serial_rivers_marsh, chequers_serial_rivers_micro_a
Lair:4:   layout_small_grid
Lair:5:   cheibrodos_lair_overgrown_chateau, layout_loops_ring,
          minmay_slime_entry_pillars, serial_bayou_pond_e, serial_bayou_shore_b,
          lemuel_fruit_tree
Lair:6:   guppyfry_lair_end_dragon, layout_regular_city,
          hangedman_lair_caniforms_friends, cheibrodos_lair_lostbears,
          minmay_lair_oklob_chamber, grunt_megastairs_4, uniq_nessos

Skill      XL: |  1  2  3  4  5  6  7  8  9 10 11 12 13 14 |
---------------+-------------------------------------------+-----
Stealth        | 6 7 8 |  8.0
Fighting       | 4 5 6 8 9 10 12 13 14 | 14.2
Armour         | 1 2 3 5 7 8 9 10 11 | 11.1
Maces & Flails | 3 4 5 6 7 8 |  8.4
Slings         | 1 2 |  2.5
Dodging        | 2 3 4 |  4.0
Throwing       | 1 2 |  2.3
Bows           | 1 2 4 5 6 7 |  7.8
Staves         | 4 7 8 10 11 | 11.4
Shields        | 2 4 5 |  5.2
Axes           | 1 2 |  2.5
Polearms       | 1 |  1.1
Invocations    | 2 5 7 |  7.5
Short Blades   | |  0.7
Evocations     | |  0.8

Action                   |  1- 3 |  4- 6 |  7- 9 | 10-12 | 13-15 || total
-------------------------+-------+-------+-------+-------+-------++-------
Melee: Mace              |    28 |   365 |   281 |       |       ||   674
       Whip              |       |    11 |       |       |       ||    11
       Dagger            |       |    42 |       |    13 |       ||    55
       Flail             |       |       |   194 |    71 |    31 ||   296
       Trident           |       |       |    13 |     2 |       ||    15
       Lajatang          |       |       |       |   395 |   418 ||   813
       Battleaxe         |       |       |       |    20 |    12 ||    32
       Halberd           |       |       |       |    18 |       ||    18
       Kick              |       |       |       |    15 |   229 ||   244
 Fire: Hunting sling     |       |    39 |    21 |       |       ||    60
       Shortbow          |       |       |    13 |   132 |   140 ||   285
Throw: Stone             |       |     7 |       |       |       ||     7
       Dart              |       |       |    19 |    10 |    15 ||    44
Invok: Ancestor Identity |       |       |     1 |       |       ||     1
       Ancestor Life: Ba |       |       |       |     1 |       ||     1
       Recall Ancestor   |       |       |       |       |     2 ||     2
Evoke: Wand              |       |     3 |     4 |     9 |     2 ||    18
  Use: Potion            |     1 |     5 |     3 |     5 |     2 ||    16
       Scroll            |     1 |     6 |     6 |    13 |     7 ||    33
 Stab: Sleeping          |       |     3 |       |       |       ||     3
       Distracted        |       |       |     2 |    11 |    12 ||    25
Armor: Leather armour    |    11 |    82 |       |       |       ||    93
       Chain mail        |       |   288 |   461 |   353 |   342 ||  1444
Dodge: Dodged            |    20 |   291 |   232 |   226 |   203 ||   972
Block: Other             |       |       |       |   162 |    98 ||   260
       Reflection        |       |       |       |    15 |     5 ||    20
